 Dungeon Sprint DCSS version 0.30-a0-953-g5f1da4a474 (webtiles) character file.

Game seed: 5300381889447916930

1017 Parcival the Protected (level 8, -2/81 HPs)
             Began as a Minotaur Fighter on Mar 28, 2023.
             Was an Initiate of Trog.
             Slain by a two-headed ogre
             ... wielding a +0 giant spiked club
              (27 damage)
             ... in the Dungeon (Sprint III: "The Ten Rune Challenge").
             The game lasted 00:02:50 (791 turns).

Parcival the Protected (Minotaur Fighter)            Turns: 791, Time: 00:02:51

Health: -2/81      AC:  9    Str: 23    XL:     8   Next: 1%
Magic:  7/7        EV: 11    Int:  5    God:    Trog [......]
Gold:   30         SH:  6    Dex: 10    Spells: 7/7 levels left

rFire   . . .      SeeInvis .    i - +0 long sword (holy)
rCold   . . .      Faith    .    c - +0 buckler
rNeg    . . .      Spirit   .    b - +0 scale mail
rPois   .          Reflect  .    (helmet restricted)
rElec   .          Rampage  .    (no cloak)
rCorr   .          NoTele   +    (no gloves)
Will    .....                    (no boots) Stlth
                                 (no amulet)
HPRegen 0.33/turn                (no ring)
MPRegen 0.10/turn                (no ring)

@: no status effects
A: horns 2, retaliatory headbutt
a: Renounce Religion


You were in the Dungeon.
You worshipped Trog.
Trog was noncommittal.
You visited 1 branch You collected 30 gold pieces.

Inventory:

Hand Weapons
 a - a +0 war axe
 i - a +0 long sword of holy wrath (weapon)
Armour
 b - a +0 scale mail (worn)
 c - a +0 buckler (worn)
Wands
 g - a wand of charming (11)
Scrolls
 j - a scroll of blinking
 k - 2 scrolls of immolation {unknown}
 n - a scroll of poison {unknown}
 o - 2 scrolls of identify
Potions
 d - 3 potions of mutation {unknown}
 e - 2 potions of curing
 f - a potion of heal wounds
 h - 2 potions of magic
 l - a potion of ambrosia {unknown}
 m - 2 potions of flight
 p - a potion of resistance {unknown}
 q - a potion of invisibility {unknown}


   Skills:
 + Level 10.7 Fighting
 + Level 2.9 Long Blades
 + Level 9.8 Axes
 + Level 12.0 Armour
 + Level 3.3 Dodging
 + Level 10.2 Shields


You had 7 spell levels left.
You didn't know any spells.
Your spell library was empty.

Dungeon Overview and Level Annotations

Branches:
Dungeon (1/1)

Altars:
Dithmenos
Elyvilon
Okawaru
Ru
Trog
Uskayaw
Wu Jian
Yredelemnul
Zin
The Shining One


Innate Abilities, Weirdness & Mutations

You have a pair of horns on your head.
You reflexively headbutt those who attack you in melee.


Message History

Your Armour skill increases to level 12!
You have reached level 8!
You feel agile. As you open the door, it creaks loudly!
There is an open door here. 2 two-headed ogres come into view.
The two-headed ogre shouts in stereo!
A two-headed ogre comes into view.
It is wielding a +0 dire flail and a +0 giant club.
You block the two-headed ogre's attack.
The two-headed ogre hits you with a +0 giant club!
The two-headed ogre hits you with a +0 giant club.
The two-headed ogre closely misses you.
The two-headed ogre hits you with a +0 giant club!!
The two-headed ogre hits you with a +0 giant club!
You hit the two-headed ogre but do no damage.
You headbutt the two-headed ogre, but do no damage.
The two-headed ogre closely misses you. The two-headed ogre barely misses you.
You hit the two-headed ogre.
Your headbutt misses the two-headed ogre.
The two-headed ogre is lightly wounded.
The two-headed ogre hits you with a +0 giant club!
* * * LOW HITPOINT WARNING * * *
You block the two-headed ogre's attack.
The two-headed ogre hits you with a +0 giant spiked club!
* * * LOW HITPOINT WARNING * * *
The two-headed ogre closely misses you.
Unknown command.
Unknown command.
Are you sure you want to abandon this character and quit the game? (Confirm with "yes".)
Okay, then.
Unknown command.
Okay, then.
You feel much better. The two-headed ogre misses you. You furiously retaliate!
You headbutt the two-headed ogre!
The two-headed ogre hits you with a +0 giant club!
* * * LOW HITPOINT WARNING * * *
You barely miss the two-headed ogre.
The two-headed ogre is heavily wounded.
The two-headed ogre hits you with a +0 giant spiked club!!
You die...

..###'#'###)##
♣.#...†......#
♣.'.⌠........#
..#...######'#
..#.⌠.#
#...#+# ## #
..#...#
#...#.. .#.#
..#+###
#...##.#..#
..# #...'##O#
..# +...#.O@#
▓▓▓ ▓▓▓▓▓▓▓▓▓


You could see 2 two-headed ogres.

Vanquished Creatures
  A deep elf pyromancer (D)
  A shadow (D)
  A necrophage (D)
  A water elemental (D)
  A jelly (D)
  A necromancer (D)
  3 humans (D)
  A wolf (D)
  2 endoplasms (D)
  2 rats (D)
14 creatures vanquished.

Notes
Turn   | Place    | Note
-------+----------+-------------------------------------------
     0 | D        | Parcival the Minotaur Fighter began the quest for the Orb.
     0 | D        | Reached XP level 1. HP: 19/19 MP: 0/0
    12 | D        | Reached skill level 4 in Armour
    46 | D        | Noticed a wolf
    50 | D        | Killed a wolf
    51 | D        | Reached skill level 5 in Armour
    51 | D        | Reached XP level 2. HP: 28/28 MP: 1/1
    65 | D        | Reached skill level 5 in Fighting
    65 | D        | Reached skill level 5 in Shields
    65 | D        | Reached XP level 3. HP: 29/36 MP: 2/2
   127 | D        | Noticed a water elemental
   133 | D        | Killed a water elemental
   134 | D        | Reached skill level 6 in Armour
   134 | D        | Reached skill level 1 in Dodging
   134 | D        | Reached XP level 4. HP: 23/45 MP: 3/3
   220 | D        | Found a glowing silver altar of Zin.
   220 | D        | Found a glowing golden altar of the Shining One.
   220 | D        | Found a white marble altar of Elyvilon.
   221 | D        | Noticed a deep elf pyromancer
   226 | D        | Killed a deep elf pyromancer
   227 | D        | Reached skill level 10 in Armour
   227 | D        | Reached XP level 5. HP: 28/57 MP: 4/4
   227 | D        | Reached XP level 6. HP: 32/64 MP: 5/5
   360 | D        | Found a hide-covered altar of Uskayaw.
   360 | D        | Found an iron altar of Okawaru.
   360 | D        | Found a bloodstained altar of Trog.
   360 | D        | Found an ornate altar of the Wu Jian Council.
   360 | D        | Noticed a human
   360 | D        | Noticed a human
   367 | D        | Killed a human
   368 | D        | Reached skill level 10 in Fighting
   368 | D        | Reached XP level 7. HP: 62/72 MP: 6/6
   375 | D        | Killed a human
   376 | D        | Reached skill level 1 in Long Blades
   376 | D        | Reached skill level 11 in Armour
   376 | D        | Reached skill level 10 in Shields
   470 | D        | Found a basalt altar of Yredelemnul.
   470 | D        | Found a shadowy altar of Dithmenos.
   470 | D        | Found a sacrificial altar of Ru.
   512 | D        | Became a worshipper of Trog the Wrathful
   552 | D        | Noticed a shadow
   561 | D        | Killed a shadow
   562 | D        | Reached skill level 12 in Armour
   562 | D        | Reached XP level 8. HP: 9/81 MP: 7/7
   789 | D        | HP: 4/81 [two-headed ogre/+0 giant spiked club (10)]
   791 | D        | Slain by a two-headed ogre

Illustrated notes

Levels and vault maps discovered:
D:        dungeon_sprint_mu [sprint_mu_entry_forest, sprint_mu_temple_rooms,
          sprint_mu_d1_spiders, sprint_mu_d2_genie, sprint_mu_d3_branching,
          sprint_mu_orc_legion, sprint_mu_elf_gauntlet, sprint_mu_hive_nellie,
          sprint_mu_lair_fedhas, sprint_mu_vaults_butterflies,
          sprint_mu_slime_circle, sprint_mu_swamp_cave, sprint_mu_snake_twists,
          sprint_mu_blade_basic, sprint_mu_crypt_chambers,
          sprint_mu_tomb_spiral, sprint_mu_vestibule_basic,
          sprint_mu_gehenna_hellfire, sprint_mu_dis_giant,
          sprint_mu_tartarus_statrot, sprint_mu_cocytus_islands, sprint_mu_zot1]

Skill      XL: |  1  2  3  4  5  6  7 |
---------------+----------------------+-----
Armour         | 5 6 10 12 | 12.0
Fighting       | 4 5 6 9 10 | 10.7
Axes           | 3 4 8 9 |  9.8
Shields        | 4 5 6 9 10 | 10.2
Dodging        | 1 2 3 |  3.3
Long Blades    | 2 |  2.9

Action                     |  1- 3 |  4- 6 |  7- 9 || total
---------------------------+-------+-------+-------++-------
  Melee: War axe           |    17 |     3 |       ||    20
         Headbutt          |     2 |     4 |     9 ||    15
         Long sword        |       |     4 |    31 ||    35
    Use: Potion            |     1 |     2 |     1 ||     4
 Armour: Scale mail        |     5 |       |     7 ||    12
  Dodge: Dodged            |     7 |     3 |    14 ||    24
  Block: Buckler           |     7 |     4 |     8 ||    19

Table legend: (Time is in decaauts)
 A = Elapsed time spent in this place.
 B = Non-inter-level travel time spent in this place.
 C = Inter-level travel time spent in this place.
 D = Time resting spent in this place.
 E = Time spent auto-exploring this place.
 F = Levels seen in this place.
 G = Mean time per level.
                   A        B        C        D        E       F      G
               +--------+--------+--------+--------+--------+-----+--------+
         Total |    804 |    804 |      0 |      0 |    649 |   1 |  804.0 |
       Dungeon |    804 |    804 |      0 |      0 |    649 |   1 |  804.0 |
               +--------+--------+--------+--------+--------+-----+--------+

Top non-repeatable levels by time:
       D: 804 daAuts
